 Dungeon Crawl Stone Soup version 0.29.1-2-gbd0b4ee654 (webtiles) character file.

Game seed: 12677232241703258182

147 wingedge the Magician (level 5, -10/39 HPs)
             Began as a Djinni Fire Elementalist on Nov 16, 2022.
             Killed by nerve-wracking pain
             ... invoked by an orc priest
              (13 damage)
             ... on level 4 of the Dungeon.
             The game lasted 00:09:48 (3539 turns).

wingedge the Magician (Djinni Fire Elementalist)    Turns: 3539, Time: 00:09:48

Health: -10/39     AC:  4    Str:  7    XL:     5   Next: 55%
Gold:   162        EV: 12    Int: 18    God:
                   SH:  0    Dex: 14

rFire   + + .      SeeInvis .   e - +1 dagger (elec)
rCold   . . .      Faith    .   (no shield)
rNeg    . . .      Spirit   .   a - +0 robe
rPois   ∞          Reflect  .   (no helmet)
rElec   .          Harm     .   (no cloak)
rCorr   .          Rampage  .   f - +1 pair of gloves
Will    .....                   (boots unavailable)
Stlth   ++........              (no amulet)
HPRegen 0.13/turn               g - ring of protection from cold
MPRegen 0.00/turn               (no ring)

@: flying
A: sickness immunity, fire resistance 2, cold vulnerability 1, float, innate
caster, HP casting, extra vitality 1
a: no special abilities


You were on level 4 of the Dungeon.
You visited 1 branch of the dungeon, and saw 4 of its levels.

You collected 162 gold pieces.

Inventory:

Hand Weapons
 e - a +1 dagger of electrocution (weapon)
Armour
 a - a +0 robe (worn)
 f - a +1 pair of gloves (worn)
Magical Staves
 r - a staff of death
Jewellery
 g - a ring of protection from cold (left hand)
Scrolls
 c - a scroll of vulnerability {unknown}
 m - a scroll of silence
 o - a scroll of enchant weapon {unknown}
 q - a scroll of noise {unknown}
Potions
 b - a potion of invisibility {unknown}
 d - 2 potions of might
 h - a potion of ambrosia {unknown}
 i - a potion of brilliance {unknown}
 j - a potion of attraction
 k - 3 potions of curing {unknown}
 l - a potion of heal wounds {unknown}
 p - a potion of haste {unknown}


   Skills:
 + Level 2.5 Fighting
 - Level 2.1 Dodging
 - Level 1.5 Stealth
 - Level 4.0 Spellcasting


You couldn't memorise any spells.
You knew the following spells:

 Your Spells              Type           Power      Damage    Failure   Level
a - Foxfire               Conj/Fire      72%        2x1d7     2%          1
b - Scorch                Fire           36%        2d7       4%          2
c - Conjure Flame         Conj/Fire      18%        6-21      9%          3
d - Inner Flame           Hex/Fire       18%        N/A       9%          3
e - Flame Wave            Conj/Fire      18%        2d7       28%         4
f - Apportation           Tloc           36%        N/A       2%          1
g - Searing Ray           Conj           36%        2d5       4%          2
Your spell library was empty.

Dungeon Overview and Level Annotations

Branches:
Dungeon (4/15)
 Temple: D:4-7

Altars:
Okawaru

Shops:
D:3 (


Innate Abilities, Weirdness & Mutations

You are immune to sickness and miasma.
You are immune to poison.
Your flesh is very heat resistant. (rF++)
You are vulnerable to cold. (rC-)
You float through the air rather than walking.
You learn spells naturally, not from books.
Your magical power is your life essence.
You have superior vitality. (+4 MHP)


Message History

The orc priest invokes the aid of Beogh against you.
Beogh smites you!
* * * LOW HITPOINT WARNING * * *
Your magical contamination has completely faded away.
Throw: 2 throwing nets
Press: ? - help, Shift-Dir - straight line, f - orc priest
Aim: an orc priest, wielding a +1 mace of protection and wearing a +0 leather armour (lightly wounded, 59% to hit)
You throw a throwing net. The throwing net hits the orc priest.
The orc priest is caught in the net!
The orc priest is lightly wounded.
The foxfire hits the orc priest.
The orc priest is moderately wounded.
The foxfire hits the jackal.
The jackal is severely wounded.
The jackal barely misses you.
The orc priest struggles against the net.
Throw: throwing net
Press: ? - help, Shift-Dir - straight line, f - jackal, p - orc priest
Aim: a jackal (severely wounded, 51% to hit)
You throw a throwing net. The throwing net hits the jackal.
The jackal is caught in the net!
The jackal is severely wounded.
The jackal struggles against the net. x2
The orc priest struggles against the net.
Unknown command.
You hit the jackal but do no damage. You punch the jackal, but do no damage.
The jackal is severely wounded.
The jackal struggles against the net.
The orc priest struggles against the net.
You hit the orc priest.
The orc priest is moderately wounded.
The jackal struggles against the net.
The orc priest struggles against the net.
The jackal struggles against the net.
The net rips apart, and the jackal comes free!
You hit the jackal.
You kill the jackal!
The orc priest mumbles some strange prayers to Beogh against you.
Pain shoots through your body!
You die...

.. .
.#+###
#....#####
#.........
#.........
#........[
#.@.......
#†)o......
#.........
#?........
#.........
#......$..
#.........
#.!.......


You could see an orc priest (caught).

Vanquished Creatures
  An orc wizard (D:4)
  4 gnolls (D:3)
  2 worms
  A dart slug (D:2)
  2 orcs
  3 endoplasms
  4 giant cockroaches
  8 goblins
  14 hobgoblins
  7 jackals
  3 quokkas
  5 ball pythons
  2 bats
  5 frilled lizards
  4 kobolds
  3 rats (D:1)
68 creatures vanquished.

Vanquished Creatures (others)
  142 foxfires
142 creatures vanquished.

Grand Total: 210 creatures vanquished

Notes
Turn   | Place    | Note
-------+----------+-------------------------------------------
     0 | D:1      | wingedge the Djinni Fire Elementalist began the quest for
                  | the Orb.
     0 | D:1      | wingedge set off with the following spells memorised:
                  | Foxfire, Scorch, Conjure Flame, Inner Flame, Flame Wave.
     0 | D:1      | Reached XP level 1. HP: 15/15 MP: 0/0
     2 | D:1      | Noticed an electric eel
   274 | D:1      | Found a faded altar of an unknown god.
   345 | D:1      | Reached XP level 2. HP: 20/22 MP: 0/0
   445 | D:1      | Reached skill level 1 in Fighting
   957 | D:2      | Reached skill level 3 in Spellcasting
   957 | D:2      | Reached XP level 3. HP: 25/27 MP: 0/0
   957 | D:2      | Learned a level 1 spell: Apportation
  1645 | D:2      | Reached XP level 4. HP: 24/33 MP: 0/0
  2688 | D:3      | Reached XP level 5. HP: 35/38 MP: 0/0
  2688 | D:3      | Learned a level 2 spell: Searing Ray
  3188 | D:3      | Found Ympig's Antique Weapon Boutique.
  3489 | D:3      | Found an iron altar of Okawaru.
  3527 | D:4      | Reached skill level 4 in Spellcasting
  3539 | D:4      | Killed from afar by an orc priest

Illustrated notes

Levels and vault maps discovered:
D:1:      arrival_aquarium_a, layout_basic, shapermc_ecumenical_altar_rom_forum
D:2:      cheibrodos_greedy_goblins, layout_loops_corners
D:3:      layout_basic, lemuel_coloured_pillars_altar, serial_shops, shop
D:4:      layout_gridville, enter_ossuary_1

Skill      XL: |  1  2  3  4  5 |
---------------+----------------+-----
Fighting       | 1 2 |  2.5
Spellcasting   | 3 4 |  4.0
Dodging        | |  2.1
Stealth        | |  1.5

Action                   |  1- 3 |  4- 6 || total
-------------------------+-------+-------++-------
Melee: Unarmed           |     1 |       ||     1
       Dagger            |    26 |     9 ||    35
       Punch             |     2 |     1 ||     3
Throw: Throwing net      |       |     2 ||     2
 Cast: Foxfire           |    62 |    27 ||    89
       Conjure Flame     |       |     3 ||     3
       Inner Flame       |       |     2 ||     2
       Scorch            |       |    12 ||    12
       Searing Ray       |       |     2 ||     2
  Use: Scroll            |       |     4 ||     4
 Stab: Sleeping          |     1 |     1 ||     2
Armor: Robe              |     8 |     5 ||    13
Dodge: Dodged            |    28 |     8 ||    36
